 Dungeon Crawl Stone Soup version 0.32-a0-818-gb728d0252e (webtiles) character file.

Game seed: 8397162117475423200

15261 olmar the Blocker (level 11, -7/65 HPs)
             Began as a Mountain Dwarf Fighter on Mar 24, 2024.
             Was a High Priest of Nemelex Xobeh.
             Killed from afar by a will-o-the-wisp (31 damage)
             ... with a foxfire
             ... on level 2 of the Abyss.
             The game lasted 00:19:08 (10994 turns).

olmar the Blocker (Mountain Dwarf Fighter)         Turns: 10994, Time: 00:19:08

Health: -7/65      AC: 24    Str: 12 (15) XL:     11   Next: 99%
Magic:  12/12      EV:  4    Int:  3 (6)  God:    Nemelex Xobeh [*****.]
Gold:   390        SH: 16    Dex:  6 (8)  Spells: 10/10 levels left

rFire   x . .        I - +2 flail of Harmony {holy, rF+ Dex+3}
rCold   . . .        v - +1 tower shield {rPois}
rNeg    + . .        J - +7 pearl dragon scales "Axko" {+Inv rN+ Regen+ Str-3}
rPois   +            D - +2 helmet
rElec   .            E - +0 cloak
rCorr   +            (no gloves)
SInv    .            (no boots)
Will    +....        s - amulet of the acrobat
Stlth   x              - +4 ring of protection
HPRegen 1.10/turn    F - ring of resist corrosion
MPRegen 0.13/turn

%: random rage (9%), acrobat
@: mighty
A: runic magic, artefact enchanting, [berserk 2], [clumsy 2], [deformed body],
[deterioration 2], [dopey 2], [frail 3], [low MP 3], [screaming 2],
([teleportitis 2]), [weak 2], [heat vulnerability 2], [subdued magic 2],
[inability to drink after injury 2], [persistent drain]
a: Renounce Religion, Evoke Invisibility, Draw Escape, Draw Destruction, Draw
Summoning, Triple Draw, Deal Four, Stack Five


You were on level 2 of the Abyss.
You worshipped Nemelex Xobeh.
Nemelex Xobeh was extremely pleased with you.
You visited 1 branch of the dungeon, and saw 10 of its levels.
You visited the Abyss 1 time.
You also visited: Bailey.

You collected 525 gold pieces.
You spent 135 gold pieces at shops.

Inventory:

Hand Weapons
 m - a +2 whip of venom
 A - a +3 morningstar of freezing
 I - the +2 flail of Harmony (weapon) {holy, rF+ Dex+3}
   (You found it on level 7 of the Dungeon)

   Dex+3:     It affects your dexterity (+3).
   rF+:       It protects you from fire.
Missiles
 e - 18 poisoned darts
 G - 20 boomerangs (quivered)
 H - 3 curare-tipped darts
Armour
 b - a +0 scale mail
 c - a +0 buckler
 j - a +0 helmet
 v - a +1 tower shield of poison resistance (worn)
 B - a +0 plate armour
 D - a +2 helmet (worn)
 E - a +0 cloak (worn)
 J - the +7 pearl dragon scales "Axko" (worn) {+Inv rN+ Regen+ Str-3}
   (You took it off a kobold in a bailey)

   Str-3:     It affects your strength (-3).
   rN+:       It protects you from negative energy.
   +Inv:      It lets you turn invisible.
   Regen+:    It increases your rate of health regeneration.
Jewellery
 n - a ring of fire
 r - a ring of magical power
 s - an amulet of the acrobat (around neck)
 x - a +4 ring of protection (left hand)
 F - a ring of resist corrosion (right hand)
Wands
 a - a wand of polymorph (3)
 K - a wand of flame (17)
 M - a wand of roots (2)
Scrolls
 g - 4 scrolls of enchant armour
 i - 3 scrolls of teleportation
 k - 4 scrolls of torment {unknown}
 l - 4 scrolls of vulnerability {unknown}
 o - a scroll of acquirement {unknown}
 p - 3 scrolls of revelation
 t - 3 scrolls of poison
 w - a scroll of enchant weapon {unknown}
 y - 5 scrolls of amnesia
 L - a scroll of brand weapon {unknown}
Potions
 f - 2 potions of lignification
 h - 2 potions of mutation
 q - 5 potions of enlightenment
 u - a potion of curing
 z - a potion of degeneration
 C - a potion of magic
 N - a potion of haste {unknown}


   Skills:
 + Level 8.0 Fighting
 + Level 12.3 Maces & Flails
 - Level 0.1 Throwing
 + Level 9.1 Armour
 - Level 0.3 Dodging
 + Level 12.5 Shields
 * Level 9.9 Invocations


You had 10 spell levels left.
You didn't know any spells.
Your spell library contained the following spells:

 Spells                   Type           Power      Damage    Failure   Level
 Apportation              Tloc           0%         N/A       99%         1
 Necrotise                Necr           0%         1d4       99%         1
 Sting                    Conj/Alch      0%         1d3       99%         1
 Summon Small Mammal      Summ           0%         N/A       99%         1
 Cigotuvi's Dreadful Rot  Necr/Alch/Air  0%         N/A       100%        2
 Sublimation of Blood     Necr           0%         N/A       100%        2
 Inner Flame              Hex/Fire       0%         N/A       100%        3
 Animate Dead             Necr           0%         N/A       100%        4
 Ignite Poison            Fire/Alch      0%         N/A       100%        4
 Freezing Cloud           Conj/Ice/Air   0%         6-21      100%        5
 Irradiate                Conj/Alch      0%         3d11      100%        5
 Borgnjor's Revivificati  Necr           0%         N/A       100%        8
 Ignition                 Fire           0%         3d3       100%        8


Dungeon Overview and Level Annotations

Branches:
Dungeon (10/15)            Temple (0/1) D:5            Lair (0/5) D:9
    Orc (0/2) D:9          Bailey (visited)

Altars:
Nemelex Xobeh
Trog

Shops:
D:4 =[[[*

Annotations:
D:8 2 transporters, Grum
D:10 Erolcha


Innate Abilities, Weirdness & Mutations

Your spellcasting is much less encumbered by armour.
You can use scrolls of enchantment on lesser artefacts.
[You have an uncontrollable temper.]
[You are very clumsy. (Dex -4)]
[Armour fits poorly on your strangely shaped body.]
[Your body often deteriorates upon taking damage.]
[You are very dopey. (Int -4)]
[You are extremely frail. (-30% HP)]
[Your magical capacity is extremely low. (-30% MP)]
[You frequently scream uncontrollably at your foes.]
[((You are often teleported next to monsters.))]
[You are very weak. (Str -4)]
[You are very vulnerable to heat. (rF--)]
[Your spells are easier to cast, but less powerful.]
[You sometimes lose the ability to drink potions when taking damage.]
[Your health recovers twice as slowly from being drained.]


Message History

The foxfire dissipates!
Unknown command.
Unknown command.
Unknown command.
Okay, then.
You draw a card...
You have drawn Wild Magic.
Dim flames ripple over the wretched star.
The wretched star resists.
The wretched star shivers with cold.
The wretched star completely resists.
The will-o-the-wisp bobs in the air for a moment.
The will-o-the-wisp completely resists.
You feel a surge of magic.
The will-o-the-wisp gestures.
The will-o-the-wisp conjures some marshlight!
The wretched star glows turbulently.
The lance of force hits you!!
Your body deteriorates!
You feel clumsy.
You are knocked back by the lance of force.
You slam into the rock wall!
* * * LOW HITPOINT WARNING * * *
A foxfire comes into view.
Unknown command.
You draw a card...
You have drawn the Orb.
Press: ? - help, Shift-Dir - straight line, f/p - wretched star
Aim: a wretched star (almost destroyed, covered in acid)
The wavering orb of destruction weakly hits the wretched star!!
You blow up the wretched star!
Your orb of destruction hits a metal wall.
A foxfire comes into view.
The foxfire hits you. You resist.
* * * LOW HITPOINT WARNING * * *
The foxfire hits you but does no damage.
The wretched star pulses with an eldritch light!
You feel vulnerable to heat. x2
Unknown command.
Unknown command.
Unknown command.
You feel better. The foxfire hits you!! The fire burns you terribly!
You die...
Your body glows with a rainbow of weird colours and disappears.

# ## . ##
#..## # # #.
...# # . #.#..
. #.# #..... #
##.##.#..
##*#.....#
#@v§..#.#
##○.#.#..### .
#*..#§§...#.
##... .v...
#...>#§§....#
.......##.#.#.
.##...§..v .#
# #..#.#..# .


You could see a wretched star (corroded) and a will-o-the-wisp.

Vanquished Creatures
  4 two-headed ogres (D:10)
  A wretched star (Abyss:2)
  A death drake (D:10)
  3 orc knights (Bailey)
  An elephant (D:9)
  A centaur zombie (Abyss:2)
  A large abomination (Abyss:2)
  A komodo dragon (D:9)
  An ancient zyme (Abyss:2)
  2 trolls
  3 raiju (Abyss:2)
  Grinder (D:3)
  A shadow (D:10)
  2 wyverns
  A vampire (D:10)
  A ynoxinul (Abyss:2)
  5 yaks (D:8)
  A small abomination (Abyss:2)
  A water moccasin (D:6)
  A black bear (D:5)
  2 ice beasts
  A sky beast (D:7)
  4 orc warriors
  14 ogres
  5 centaurs
  3 kobold brigands
  5 bullfrogs
  A gnoll sergeant (D:7)
  2 scorpions (D:9)
  15 wights
  10 killer bees
  3 bombardier beetles
  4 howler monkeys
  3 hounds
  3 jellies
  Crazy Yiuf (D:5)
  An orc priest (D:3)
  2 gnoll boudas
  5 iguanas
  6 orc wizards
  Robin (D:2)
  11 gnolls
  8 adders
  A white imp (D:6)
  3 ribbon worms
  35 orcs
  10 ball pythons
  4 endoplasms
  5 giant cockroaches
  18 goblins
  10 hobgoblins
  4 jackals (D:4)
  6 quokkas
  3 bats
  A frilled lizard (D:2)
  28 kobolds
  11 rats
  A lurking horror (Abyss:2)
283 creatures vanquished.

Vanquished Creatures (collateral kills)
  Pikel (D:4)
  A steam dragon (D:6)
  Duvessa (D:6)
  A lemure (D:4)
  Dowan (D:6)
  A howler monkey (D:6)
  A hound (D:6)
  2 iguanas (D:6)
  A gnoll (D:6)
  2 ufetubi (D:6)
  An orc (D:4)
  A hobgoblin (D:4)
14 creatures vanquished.

Vanquished Creatures (others)
  3 foxfires (Abyss:2)
3 creatures vanquished.

Grand Total: 300 creatures vanquished

Notes
Turn   | Place    | Note
-------+----------+-------------------------------------------
     0 | D:1      | olmar the Mountain Dwarf Fighter began the quest for the
                  | Orb.
     0 | D:1      | Reached XP level 1. HP: 19/19 MP: 1/1
   102 | D:1      | Reached XP level 2. HP: 25/26 MP: 2/2
   140 | D:1      | Got the Excursus on the Mausoleum
   763 | D:2      | Reached XP level 3. HP: 31/31 MP: 3/3
   990 | D:2      | Found a faded altar of an unknown god.
  1024 | D:2      | Prayed at the altar of an unknown god.
  1024 | D:2      | Became a worshipper of Nemelex Xobeh the Trickster
  1024 | D:2      | Reached * piety under Nemelex Xobeh
  1120 | D:2      | Noticed Robin
  1158 | D:2      | Reached XP level 4. HP: 37/40 MP: 4/4
  1181 | D:2      | Killed Robin
  1303 | D:2      | Received a gift from Nemelex Xobeh
  2079 | D:3      | Reached XP level 5. HP: 20/46 MP: 5/5
  2518 | D:3      | Reached ** piety under Nemelex Xobeh
  2681 | D:3      | Reached skill level 5 in Maces & Flails
  2769 | D:3      | Noticed Grinder
  2780 | D:3      | Killed Grinder
  2781 | D:3      | Reached skill level 5 in Armour
  2781 | D:3      | Reached XP level 6. HP: 43/53 MP: 6/6
  2936 | D:3      | Received a gift from Nemelex Xobeh
  3007 | D:4      | Found Yros's Jewellery Boutique.
  3051 | D:4      | Found Tej Vaym's Armour Shoppe.
  3058 | D:4      | Bought a +1 tower shield of poison resistance for 135 gold
                  | pieces
  3103 | D:4      | Found Panyuqev's Antique Armour Shop.
  3255 | D:4      | Found Ludwaps's General Store.
  3384 | D:4      | Found Kyetz's Antique Armour Boutique.
  3455 | D:4      | Reached XP level 7. HP: 56/60 MP: 7/7
  3634 | D:4      | Noticed Pikel
  3661 | D:4      | Killed Pikel
  3662 | D:4      | Reached skill level 5 in Shields
  3662 | D:4      | Reached XP level 8. HP: 13/67 MP: 8/8
  4056 | D:5      | Entered Level 5 of the Dungeon
  4123 | D:5      | Reached skill level 5 in Fighting
  4306 | D:5      | Received a gift from Nemelex Xobeh
  4335 | D:5      | Reached *** piety under Nemelex Xobeh
  4369 | D:5      | Found a staircase to the Ecumenical Temple.
  4382 | D:5      | Reached skill level 1 in Invocations
  4943 | D:5      | Found a runed translucent door.
  4944 | D:5      | Noticed Crazy Yiuf
  5128 | D:5      | Killed Crazy Yiuf
  5681 | D:6      | Noticed Dowan
  5692 | D:6      | Killed Dowan
  5695 | D:6      | Noticed Duvessa
  5699 | D:6      | Reached XP level 9. HP: 59/74 MP: 11/11
  5702 | D:6      | Killed Duvessa
  5967 | D:6      | Reached **** piety under Nemelex Xobeh
  5973 | D:6      | Received a gift from Nemelex Xobeh
  6401 | D:7      | Reached skill level 5 in Invocations
  6783 | D:7      | Identified the +2 flail of Harmony {holy, rF+ Dex+3}
  7179 | D:7      | Received a gift from Nemelex Xobeh
  7337 | D:8      | Found a flagged portal.
  7375 | Bailey   | Entered a bailey
  7497 | Bailey   | Identified the +7 pearl dragon scales "Axko" {+Inv rN+
                  | Regen+ Str-3}
  7499 | Bailey   | Noticed an orc knight
  7499 | Bailey   | Noticed an orc knight
  7621 | Bailey   | Noticed an orc knight
  7681 | Bailey   | Killed an orc knight
  7682 | Bailey   | Reached XP level 10. HP: 43/83 MP: 14/14
  7774 | Bailey   | Killed an orc knight
  7869 | Bailey   | Killed an orc knight
  7870 | Bailey   | Reached skill level 10 in Maces & Flails
  8150 | D:8      | Reached skill level 10 in Shields
  8207 | D:8      | Received a gift from Nemelex Xobeh
  8262 | D:8      | Found a transporter.
  8263 | D:8      | Identified the +10 trident of Geiveu {venom, +Blink}
  8263 | D:8      | Identified the +0 kite shield of Zacewne {rF+ Slay+2}
  8487 | D:8      | Noticed Grum
  8492 | D:8      | Identified the ring "Queloa" {Will- AC+4 Int+3 Dex+6}
  8503 | D:8      | Found a transporter.
  8886 | D:9      | Identified the +8 trident of the Gnashing Gods {spect,
                  | Int+4 Stlth+}
  9049 | D:9      | Found a staircase to the Orcish Mines.
  9188 | D:9      | Found a staircase to the Lair.
  9188 | D:9      | Noticed an elephant
  9209 | D:9      | Killed an elephant
  9210 | D:9      | Reached XP level 11. HP: 91/91 MP: 15/17
  9549 | D:10     | Entered Level 10 of the Dungeon
  9550 | D:10     | Reached ***** piety under Nemelex Xobeh
  9550 | D:10     | Received a gift from Nemelex Xobeh
  9929 | D:10     | Found a bloodstained altar of Trog.
 10498 | D:10     | Noticed a two-headed ogre
 10500 | D:10     | Noticed a two-headed ogre
 10507 | D:10     | a two-headed ogre changed into a death drake
 10507 | D:10     | Noticed a death drake
 10534 | D:10     | Killed a death drake
 10547 | D:10     | Killed a two-headed ogre
 10599 | D:10     | Noticed a two-headed ogre
 10599 | D:10     | Noticed a two-headed ogre
 10600 | D:10     | Noticed a two-headed ogre
 10600 | D:10     | Noticed Erolcha
 10605 | D:10     | Noticed a two-headed ogre
 10621 | D:10     | Killed a two-headed ogre
 10634 | D:10     | Killed a two-headed ogre
 10643 | D:10     | Killed a two-headed ogre
 10656 | Abyss:2  | Cast into level 2 of the Abyss (Erolcha)
 10790 | Abyss:2  | Noticed a starcursed mass
 10796 | Abyss:2  | Received a gift from Nemelex Xobeh
 10960 | Abyss:2  | Noticed a wretched star
 10983 | Abyss:2  | Noticed a wretched star
 10993 | Abyss:2  | Killed a wretched star
 10994 | Abyss:2  | Killed from afar by a will-o-the-wisp

Illustrated notes

Levels and vault maps discovered:
D:1:      ebering_trefoil_twist, layout_basic, serial_glass, glass_columns_a,
          glass_columns_c, item_on_display_b, item_on_display_a,
          due_unseen_surprise
D:2:      minmay_razor_zed, layout_loops_ring,
          dreamdust_ecumenical_altar_statues, hangedman_decor_points, uniq_robin
D:3:      layout_basic, uniq_grinder
D:4:      layout_loops_ring, serial_shops, nicolae_shop_overgrown_old_shop,
          kennysheep_little_box, nicolae_shop_tiny_glass, shop,
          nicolae_stop_n_shop_2, kennysheep_generic_room_15, uniq_pikel
D:5:      layout_basic, minmay_temple_entry_stoned_glass, chequers_mini_garden,
          uniq_crazy_yiuf_cottage
D:6:      layout_rooms, uniq_duvessa
D:7:      layout_rooms, serial_aquarium, aquarium_bridge_square
          [aquarium_subvault_wall, aquarium_subvault_bridge,
          aquarium_subvault_bridge, aquarium_subvault_bridge],
          aquarium_window_2, aquarium_window_1, aquarium_view_2d,
          minmay_checkerbox
D:8:      layout_loops_ring, enter_bailey_2, gammafunk_ghost_gnarly_gnolls
D:9:      layout_basic, grunt_lair_entry_orc_guard_hut, david_orc_2,
          kennysheep_nondescript, small_statue_alley_b
D:10:     lemuel_ogre_cave, layout_basic, kennysheep_mini_moat
Abyss:2:  base:
D:6

Skill      XL: |  1  2  3  4  5  6  7  8  9 10 11 |
---------------+----------------------------------+-----
Maces & Flails | 3 4 5 6 7 8 9 11 12 | 12.3
Armour         | 4 5 6 7 8 9 |  9.1
Fighting       | 4 5 6 8 |  8.0
Shields        | 4 5 7 9 10 12 | 12.5
Invocations    | 3 5 8 9 |  9.9
Throwing       | |  0.1
Dodging        | |  0.3

Action                     |  1- 3 |  4- 6 |  7- 9 | 10-12 || total
---------------------------+-------+-------+-------+-------++-------
  Melee: Flail             |   142 |   195 |   274 |   239 ||   850
         Whip              |       |       |   158 |   470 ||   628
  Throw: Dart              |       |     2 |    10 |       ||    12
         Throwing net      |       |       |     2 |       ||     2
         Boomerang         |       |       |     1 |     6 ||     7
 Invoke: Draw Destruction  |       |     2 |     3 |     3 ||     8
         Draw Summoning    |       |       |     3 |       ||     3
         Draw Escape       |       |       |     3 |       ||     3
  Evoke: Wand              |       |       |       |     5 ||     5
    Use: Scroll            |     3 |     1 |     6 |     1 ||    11
         Potion            |     2 |       |     1 |     7 ||    10
 Armour: Scale mail        |    96 |   124 |   292 |       ||   512
         Skin              |   108 |    25 |       |       ||   133
         Pearl dragon scal |       |       |    39 |   394 ||   433
  Dodge: Dodged            |    59 |    64 |   132 |   112 ||   367
  Block: Buckler           |    43 |    40 |       |       ||    83
         Tower shield      |       |    44 |   489 |   549 ||  1082

Table legend: (Time is in decaauts)
 A = Elapsed time spent in this place.
 B = Non-inter-level travel time spent in this place.
 C = Inter-level travel time spent in this place.
 D = Time resting spent in this place.
 E = Time spent auto-exploring this place.
 F = Levels seen in this place.
 G = Mean time per level.
                   A        B        C        D        E       F      G
               +--------+--------+--------+--------+--------+-----+--------+
         Total |  11054 |  10654 |    400 |   1683 |   6294 |  12 |  921.2 |
       Dungeon |   9989 |   9589 |    400 |   1334 |   6077 |  10 |  998.9 |
         Abyss |    340 |    340 |      0 |    110 |     41 |   1 |  340.0 |
        Bailey |    725 |    725 |      0 |    239 |    176 |   1 |  725.0 |
               +--------+--------+--------+--------+--------+-----+--------+

Top non-repeatable levels by time:
     D:2: 1302 daAuts
     D:6: 1261 daAuts
     D:5: 1179 daAuts
     D:3: 1104 daAuts
     D:4: 1082 daAuts
    D:10: 1055 daAuts
     D:9: 885 daAuts
     D:7: 805 daAuts
  Bailey: 725 daAuts
     D:1: 670 daAuts
     D:8: 642 daAuts
 Abyss:2: 340 daAuts
